Map: [ESL] Cosmic Sapphire

Players

Scarlett

  • Race: Zerg Zerg
  • Spawn Location: 5:00

Neeb - Winner!

  • Race: Protoss Protoss
  • Spawn Location: 11:00

Event: DreamHack SC2 Masters 2022 Atlanta (Online)

VOD

Have the link to the VOD?

Description

Time

  • Played on: Oct. 12, 2022, 4:03 p.m.
  • Length: 14:46

All games in this series

Show
View Real Time Build Order
Export as new Build Order

Scarlett Zerg 

Build Orders: Hatch First 

Get SALT Encoding   

  12  0:00  Drone  
  13  0:12  Overlord  
  13  0:17  Drone  
  14  0:31  Drone x2  
  16  0:45  Drone  
  17  0:52  Hatchery  
  17  0:54  Drone  
  17  0:57  Drone  
  18  1:09  Extractor  
  17  1:13  Spawning Pool  
  17  1:15  Drone  
  17  1:19  Drone  
  18  1:28  Drone  
  19  1:39  Drone  
  20  1:49  Overlord  
  20  2:00  Queen  
  22  2:03  Zergling x2, Queen  
  22  2:04  Drone  
  26  2:11  Drone  
  26  2:14  Metabolic Boost  
  27  2:18  Drone  
  27  2:22  Drone  
  29  2:32  Zergling x2  
  29  2:33  Zergling x2  
  31  2:41  Queen, Drone  
  34  2:48  Queen  
  34  2:49  Overlord  
  36  3:00  Overlord  
  36  3:08  Zergling x2, Drone x2  
  36  3:09  Drone x4  
  43  3:14  Drone  
  43  3:15  Overlord  
  42  3:27  Evolution Chamber  
  42  3:29  Hatchery  
  42  3:31  Drone  
  38  3:34  Drone x2  
  38  3:38  Drone  
  41  3:44  Drone x3  
  43  3:49  Drone x2  
  43  3:51  Drone  
  47  3:55  Drone  
  47  3:57  Spore Crawler  
  47  3:59  Zerg Melee Weapons Level 1  
  47  4:01  Drone  
  47  4:06  Drone x2  
  49  4:12  Spore Crawler  
  49  4:16  Queen  
  49  4:17  Drone x2  
  52  4:18  Drone  
  52  4:22  Drone x2  
  55  4:30  Drone x5  
  58  4:38  Drone  
  59  4:44  Spore Crawler, Queen  
  60  4:47  Overlord  
  60  4:50  Drone x4  
  64  4:53  Overlord  
  64  4:54  Drone  
  65  5:03  Hatchery  
  65  5:06  Drone x2  
  65  5:16  Drone x3  
  65  5:19  Queen  
  69  5:21  Zergling x4  
  69  5:22  Zergling x12  
  77  5:30  Zergling x6  
  80  5:35  Overlord  
  80  5:36  Overlord, Extractor  
  80  5:38  Hatchery  
  80  5:39  Overlord  
  78  5:48  Overlord x2  
  78  5:55  Zergling x10  
  81  5:57  Lair  
  81  6:00  Zerg Missile Weapons Level 1  
  81  6:02  Zergling x12  
  86  6:09  Drone  
  87  6:17  Zergling x18  
  95  6:26  Drone x5  
  95  6:30  Drone  
  95  6:32  Baneling Nest  
  100  6:36  Drone x5  
  105  6:40  Drone  
  105  6:44  Spore Crawler  
  105  6:45  Drone x6  
  111  6:48  Extractor  
  111  6:51  Drone x5  
  111  6:52  Roach Warren  
  114  6:58  Hatchery  
  114  7:00  Zergling x10  
  118  7:11  Overlord x7  
  115  7:24  Drone x3  
  115  7:25  Overlord x5  
  115  7:26  Extractor  
  116  7:31  Overlord  
  116  7:35  Centrifugal Hooks  
  116  7:38  Glial Reconstitution  
  115  7:45  Drone x3, Extractor  
  115  7:46  Drone x12  
  129  7:54  Roach x5  
  129  7:57  Zerg Melee Weapons Level 2  
  139  8:11  Roach x10  
  155  8:16  Zergling x12  
  155  8:19  Zergling x6  
  160  8:22  Baneling x9  
  160  8:24  Spore Crawler, Drone  
  160  8:30  Zergling x2  
  160  8:31  Zergling x16  
  168  8:34  Extractor  
  168  8:38  Baneling x5  
  168  8:39  Baneling  
  167  8:42  Zergling x8  
  167  8:43  Zergling x16  
  179  8:55  Extractor  
  178  8:57  Baneling  
  178  8:58  Baneling x7  
  178  9:04  Zergling x2, Overseer  
  178  9:05  Zergling x26  
  192  9:11  Zergling x16  
  192  9:14  Spine Crawler  
  199  9:30  Zergling x2  
  199  9:31  Spore Crawler  
  187  9:42  Baneling x5  
  187  9:43  Zergling x10, Baneling x11  
  187  9:44  Zergling x16  
  199  9:47  Infestation Pit  
  199  9:52  Baneling x4  
  196  9:53  Baneling x2  
  190  10:04  Zergling x38  
  198  10:09  Baneling x11  
  197  10:20  Roach  
  197  10:21  Roach  
  186  10:32  Zergling x24  
  186  10:33  Zergling x12  
  198  10:45  Spore Crawler  
  198  10:47  Zergling x2  
  198  10:48  Zergling x2  
  197  10:53  Baneling x9  
  197  10:54  Baneling x5  
  197  10:55  Zergling x2, Roach x3  
  197  11:02  Zergling x10, Roach x6  
  191  11:10  Roach x4  
  172  11:14  Roach x5  
  164  11:21  Roach  
  164  11:22  Roach x3  
  164  11:23  Hive  
  156  11:31  Roach x6  
  167  11:35  Spore Crawler, Roach  
  167  11:36  Roach  
  169  11:43  Roach  
  169  11:44  Roach x3  
  177  11:47  Zergling x2  
  177  11:48  Zergling x2  
  179  11:54  Overlord  
  179  11:58  Zergling x16  
  183  12:01  Extractor  
  183  12:02  Zergling x6  
  183  12:05  Zergling x2  
  184  12:09  Drone x6  
  184  12:13  Hatchery  
  184  12:14  Zergling x10  
  194  12:18  Overseer  
  194  12:20  Baneling x2  
  194  12:26  Baneling x19  
  194  12:27  Zergling x2  
  194  12:28  Zergling x8  
  199  12:35  Baneling x10  
  195  12:48  Drone x3  
  193  12:56  Baneling x10  
  191  13:00  Drone x5  
  191  13:01  Spine Crawler  
  194  13:10  Adrenal Glands  
  191  13:15  Zergling x18  
  200  13:20  Baneling x5, Extractor  
  200  13:22  Spore Crawler  
  200  13:26  Drone x3  
  200  13:32  Baneling  
  194  13:34  Drone x6  
  194  13:35  Drone  
  199  13:43  Baneling x4  
  199  13:51  Spire  
  195  14:00  Zergling x28, Roach x7  
  194  14:10  Zergling x20  
  185  14:18  Roach x8  
  185  14:28  Zergling x16  
Show
View Real Time Build Order
Export as new Build Order

Neeb Protoss - Winner!

Build Orders: 1 Gate Expand, Oracle Opening, Zealot Archon 

Get SALT Encoding   

  12  0:00  Probe  
  13  0:12  Probe  
  14  0:19  Pylon  
  14  0:24  Probe  
  15  0:37  Probe (Chrono Boost)  
  15  0:39  Gateway  
  16  0:47  Probe (Chrono Boost)  
  16  0:49  Assimilator  
  17  0:52  Probe (Chrono Boost)  
  18  1:04  Probe  
  19  1:16  Probe  
  20  1:25  Nexus  
  20  1:34  Cybernetics Core  
  20  1:37  Probe  
  21  1:43  Assimilator  
  21  1:49  Probe  
  21  1:52  Pylon  
  22  2:01  Probe (Chrono Boost)  
  22  2:08  Adept (Chrono Boost)  
  23  2:12  Probe (Chrono Boost)  
  26  2:17  Probe (Chrono Boost)  
  26  2:21  Stargate  
  27  2:28  Probe, Pylon  
  28  2:32  Adept (Chrono Boost)  
  31  2:37  Probe  
  31  2:42  Probe  
  32  2:45  Pylon  
  32  2:49  Probe  
  33  2:53  Adept  
  33  2:54  Probe  
  36  2:59  Warp Gate  
  36  3:01  Probe  
  37  3:05  Oracle (Chrono Boost)  
  37  3:06  Probe  
  37  3:12  Pylon  
  41  3:13  Probe  
  41  3:18  Probe  
  43  3:25  Probe  
  44  3:30  Probe  
  44  3:32  Oracle (Chrono Boost)  
  45  3:37  Probe  
  49  3:42  Probe  
  49  3:47  Nexus  
  48  3:49  Probe  
  48  3:51  Pylon  
  48  3:54  Probe  
  50  3:57  Gateway  
  50  4:00  Gateway  
  50  4:03  Probe  
  50  4:07  Oracle  
  55  4:10  Probe  
  55  4:12  Assimilator  
  55  4:14  Assimilator  
  55  4:18  Probe  
  55  4:22  Pylon  
  55  4:24  Probe  
  57  4:30  Probe  
  58  4:36  Probe  
  59  4:40  Forge  
  59  4:42  Twilight Council, Probe  
  60  4:48  Probe  
  60  4:50  Shield Battery, Stalker  
  60  4:51  Stalker  
  65  4:54  Probe (Chrono Boost)  
  65  4:55  Stalker  
  65  4:59  Probe (Chrono Boost)  
  69  5:00  Probe (Chrono Boost)  
  69  5:06  Probe (Chrono Boost)  
  71  5:11  Probe (Chrono Boost)  
  71  5:12  Probe (Chrono Boost)  
  73  5:15  Probe (Chrono Boost)  
  73  5:16  Blink (Chrono Boost)  
  73  5:17  Probe x2 (Chrono Boost)  
  73  5:18  Stalker x2  
  73  5:19  Stalker  
  73  5:20  Probe  
  82  5:24  Pylon  
  82  5:26  Probe  
  82  5:27  Protoss Ground Weapons Level 1 (Chrono Boost), Probe  
  85  5:42  Probe x3  
  88  5:44  Pylon  
  88  5:46  Gateway  
  88  5:49  Gateway  
  88  5:59  Probe  
  88  6:01  Gateway  
  88  6:03  Gateway  
  89  6:10  Pylon  
  89  6:11  Pylon  
  89  6:12  Stalker x3  
  89  6:16  Nexus  
  95  6:23  Probe x2  
  95  6:24  Assimilator  
  96  6:26  Assimilator  
  96  6:32  Probe  
  97  6:33  Nexus  
  97  6:35  Probe x2  
  97  6:36  Templar Archives  
  99  6:40  Pylon x2  
  99  6:46  Probe  
  100  6:57  Probe x2  
  100  6:59  Probe  
  100  7:00  Photon Cannon  
  100  7:01  Shield Battery  
  103  7:03  Gateway  
  103  7:04  Assimilator  
  103  7:05  Gateway, Assimilator  
  103  7:08  Robotics Facility  
  103  7:09  Charge, Probe  
  103  7:10  Probe  
  103  7:12  Probe  
  106  7:22  Probe  
  107  7:24  Photon Cannon  
  107  7:25  High Templar x4  
  107  7:26  High Templar x2  
  107  7:27  Zealot, Pylon  
  107  7:28  Probe  
  122  7:30  Pylon  
  122  7:31  Archon x2  
  122  7:32  Archon, Pylon  
  122  7:33  Protoss Ground Weapons Level 2 (Chrono Boost)  
  122  7:36  Probe  
  121  7:37  Probe  
  121  7:43  Photon Cannon  
  122  7:46  Photon Cannon  
  122  7:47  Shield Battery  
  122  7:48  Probe x2  
  122  7:49  Pylon  
  124  7:55  Stalker  
  124  7:58  Shield Battery  
  126  8:00  Zealot x6, High Templar x2  
  144  8:07  Observer (Chrono Boost), Probe  
  144  8:08  Archon, Probe  
  144  8:09  Probe  
  144  8:10  Probe  
  143  8:19  Probe  
  142  8:20  Probe  
  142  8:21  Probe  
  142  8:24  High Templar x2  
  142  8:25  Zealot x5  
  160  8:28  Warp Prism (Chrono Boost)  
  160  8:30  Archon  
  160  8:31  Probe  
  160  8:32  Probe, Psionic Storm  
  162  8:35  Photon Cannon  
  162  8:46  Photon Cannon x2  
  162  8:47  High Templar  
  164  8:50  Pylon  
  164  8:51  Pylon  
  164  8:52  Pylon  
  164  9:05  Pylon  
  164  9:06  Immortal (Chrono Boost), Pylon  
  168  9:12  High Templar x3  
  168  9:13  High Templar  
  176  9:17  High Templar  
  176  9:22  Nexus  
  176  9:23  Pylon  
  178  9:37  Immortal  
  178  9:38  Nexus  
  168  9:40  Zealot x4  
  173  9:51  Zealot x5  
  179  9:55  Probe  
  180  10:07  High Templar x3  
  180  10:08  High Templar  
  180  10:12  Archon  
  180  10:13  Archon  
  188  10:16  High Templar x2  
  188  10:17  Immortal  
  188  10:20  Zealot x2, Pylon  
  188  10:21  Archon  
  185  10:33  Nexus  
  183  10:36  Pylon  
  181  10:47  Zealot x6  
  181  10:48  Zealot x2  
  197  10:53  Fleet Beacon  
  197  10:56  Stargate, Pylon  
  191  10:58  Photon Cannon, Stargate  
  191  10:59  Photon Cannon  
  191  11:00  Protoss Air Weapons Level 1 (Chrono Boost)  
  191  11:01  Shield Battery  
  191  11:04  Unknown  
  146  11:12  Zealot x3  
  146  11:15  Zealot x4  
  146  11:16  Zealot x4  
  138  11:20  Immortal (Chrono Boost)  
  132  11:28  Probe x2  
  130  11:39  High Templar x7  
  140  11:48  Carrier, High Templar  
  139  11:55  Carrier  
  139  11:58  Carrier  
  145  12:12  Zealot x2  
  145  12:13  Zealot x5  
  145  12:14  Gateway x2  
  165  12:18  Gateway x2  
  165  12:22  Observer  
  166  12:40  Zealot x5  
  166  12:41  Zealot x3  
  182  12:46  Carrier (Chrono Boost)  
  172  12:55  Carrier (Chrono Boost), Pylon  
  172  12:57  Pylon  
  174  13:01  Warp Prism  
  178  13:10  High Templar x4  
  178  13:14  Archon  
  178  13:15  Archon  
  178  13:19  Photon Cannon  
  174  13:20  Photon Cannon  
  174  13:21  Photon Cannon  
  174  13:22  Photon Cannon  
  174  13:37  High Templar  
  174  13:38  High Templar x3  
  174  13:40  Photon Cannon x2  
  182  13:42  Archon x2, Pylon  
  182  13:43  Photon Cannon  
  182  13:44  Photon Cannon  
  182  13:45  Shield Battery  
  182  13:49  High Templar x2  
  182  13:53  Archon  
  178  14:03  Stalker x6  
  188  14:15  Zealot x4  
  184  14:24  Zealot x2  
  184  14:28  Zealot x6  
  183  14:37  High Templar x2  
  173  14:40  Archon  
  173  14:41  Archon  
  167  14:45  Pylon  
Tags
 
Add a new tag
Caveats
  • Supply blocks, unpowered buildings, or Contaminate may cause inaccurate times.
  • Supply counts are checked every 10 seconds.